 Dungeon Sprint DCSS version 0.31-a0-18-gea43df2a32 (webtiles) character file.

Game seed: 14895340861937448657

224 sircluck the Skirmisher (level 5, 0/50 HPs)
             Began as a Minotaur Hunter on May 11, 2023.
             Slain by a human (13 damage)
             ... in the Dungeon (Sprint III: "The Ten Rune Challenge").
             The game lasted 00:02:33 (310 turns).

sircluck the Skirmisher (Minotaur Hunter)            Turns: 310, Time: 00:02:34

Health: 0/50       AC:  3    Str: 16    XL:     5   Next: 67%
Magic:  3/3        EV: 13    Int:  6    God:
Gold:   42         SH:  0    Dex: 15    Spells: 4/4 levels left

rFire   . . .        a - +0 shortbow
rCold   . . .        (shield currently unavailable)
rNeg    . . .        c - +0 leather armour
rPois   .            (helmet restricted)
rElec   .            (no cloak)
rCorr   .            (no gloves)
SInv    .            (no boots)
Will    .....        (no amulet)
Stlth   ++           (no ring)
HPRegen 1.08/turn    (no ring)
MPRegen 0.08/turn

%: no teleportation
@: no status effects
A: horns 2, retaliatory headbutt, low MP 1, regeneration 1
a: no special abilities


You were in the Dungeon.
You visited 1 branch You collected 42 gold pieces.

Inventory:

Hand Weapons
 a - a +0 shortbow (weapon)
Armour
 c - a +0 leather armour (worn)
Wands
 f - a wand of flame (28)
Scrolls
 b - a scroll of immolation
 i - a scroll of torment {unknown}
 j - a scroll of enchant weapon {unknown}
 k - 3 scrolls of identify
 m - a scroll of poison {unknown}
Potions
 d - 2 potions of curing
 e - a potion of mutation
 g - 2 potions of magic
 h - a potion of berserk rage
 l - 3 potions of flight {unknown}


   Skills:
 + Level 5.8 Fighting
 + Level 11.8 Ranged Weapons
 + Level 3.5 Armour
 + Level 3.5 Dodging
 + Level 1.1 Stealth


You had 4 spell levels left.
You didn't know any spells.
Your spell library contained the following spells:

 Spells                   Type           Power      Damage    Failure   Level
 Ensorcelled Hibernation  Hex/Ice        0%         N/A       65%         2
 Gell's Gravitas          Tloc           0%         N/A       87%         3
 Spider Form              Tmut/Pois      0%         N/A       87%         3
 Teleport Other           Tloc           0%         N/A       87%         3
 Anguish                  Hex/Necr       0%         N/A       99%         4
 Dispersal                Tloc           0%         N/A       100%        6


Dungeon Overview and Level Annotations

Branches:
Dungeon (1/1)

Altars:
Dithmenos
Elyvilon
Kikubaaqudgha
Okawaru
Ru
Sif Muna
Trog
Uskayaw
Vehumet
Wu Jian
Yredelemnul
Zin
The Shining One


Innate Abilities, Weirdness & Mutations

You have a pair of horns on your head.
You reflexively headbutt those who attack you in melee.
Your magical capacity is low. (-10% MP)
Your natural rate of healing is unusually fast.


Message History

Items here: )) [[.
There is a fountain of clear blue water here.
You open the door.
A human comes into view.
Found a ring mail.
Found five altars.
You shoot an arrow. The arrow hits the human!
The human shouts!
The human is moderately wounded.
You shoot an arrow. The arrow hits the human.
The human is moderately wounded.
A human comes into view. It is wielding a +0 mace.
You shoot an arrow. The arrow hits the human!
The human is heavily wounded.
You shoot an arrow. The arrow barely misses the human.
The human barely misses you. You furiously retaliate!
You headbutt the human! You shoot an arrow. The arrow hits the human.
The human is severely wounded.
The human closely misses you.
The human drinks a potion.
The human goes berserk!
You shoot an arrow. The arrow barely misses the human.
The arrow hits the human.
The human is lightly wounded.
The human rages.
You shoot an arrow. The arrow closely misses the human.
The human hits you. The human hits you with a +0 mace!
You shoot an arrow. The arrow completely misses the human.
The human completely misses you.
The human drinks a potion.
The human seems to grow stronger.
The human hits you with a +0 mace!
Aiming: Throw Flame
Press: ? - help, Q - select action, (/) - cycle Shift-Dir - straight line, f - human, p - human
Aim: a human, wielding a +0 mace (lightly wounded, berserk, 56% to hit)
The puff of flame hits the human.
The human is lightly wounded.
The human hits you!
* * * LOW HITPOINT WARNING * * *
The human hits you with a +0 mace.
* * * LOW HITPOINT WARNING * * *
Unknown command.
The human attacks as you move away! The human hits you!
You die...

▓▓ ▓▓▓ .####
##.############
....#####..#___#___#__#
.....#..#..# ..#__ #._#
##.†.#..#..###+#p###)##
###..##'#..#....@p....#
.##..###...'.⌠........#
##†.####...#...######+#
##..###....#.⌠.#
#...##.....#...#
....#.†....#)###
..##.#.....#...#
..#####....#___# ▓▓▓
▓▓▓▓▓▓▓▓▓▓


You could see 2 humans.

Vanquished Creatures
  A necrophage (D)
  A water elemental (D)
  A wizard (D)
  A necromancer (D)
  A human (D)
  A kobold demonologist (D)
  A wolf (D)
  4 rats (D)
11 creatures vanquished.

Notes
Turn   | Place    | Note
-------+----------+-------------------------------------------
     0 | D        | sircluck the Minotaur Hunter began the quest for the Orb.
     0 | D        | Reached XP level 1. HP: 18/18 MP: 0/0
    14 | D        | Reached skill level 5 in Ranged Weapons
    70 | D        | Reached skill level 7 in Ranged Weapons
    70 | D        | Reached XP level 2. HP: 26/26 MP: 1/1
    85 | D        | Reached skill level 1 in Armour
    85 | D        | Reached XP level 3. HP: 31/31 MP: 2/2
   104 | D        | Gained mutation: Your magical capacity is low. (-10% MP)
                  | [potion of mutation]
   104 | D        | Gained mutation: Your natural rate of healing is unusually
                  | fast. [potion of mutation]
   107 | D        | Noticed a water elemental
   152 | D        | Killed a water elemental
   153 | D        | Reached skill level 9 in Ranged Weapons
   153 | D        | Reached XP level 4. HP: 11/41 MP: 2/2
   219 | D        | Found a glowing silver altar of Zin.
   219 | D        | Found a glowing golden altar of the Shining One.
   219 | D        | Found a white marble altar of Elyvilon.
   227 | D        | Found a basalt altar of Yredelemnul.
   227 | D        | Found a shadowy altar of Dithmenos.
   227 | D        | Found a sacrificial altar of Ru.
   227 | D        | Noticed a necrophage
   233 | D        | Killed a necrophage
   234 | D        | Reached skill level 5 in Fighting
   234 | D        | Reached skill level 10 in Ranged Weapons
   234 | D        | Reached skill level 1 in Stealth
   234 | D        | Reached XP level 5. HP: 24/48 MP: 3/3
   237 | D        | Reached skill level 11 in Ranged Weapons
   258 | D        | Found a radiant altar of Vehumet.
   258 | D        | Found a shimmering blue altar of Sif Muna.
   258 | D        | Found an ancient bone altar of Kikubaaqudgha.
   266 | D        | Noticed a rust devil
   300 | D        | Found a hide-covered altar of Uskayaw.
   300 | D        | Found an iron altar of Okawaru.
   300 | D        | Found a bloodstained altar of Trog.
   300 | D        | Found an ornate altar of the Wu Jian Council.
   300 | D        | Noticed a human
   302 | D        | Noticed a human
   310 | D        | Slain by a human

Illustrated notes

Levels and vault maps discovered:
D:        dungeon_sprint_mu [sprint_mu_entry_cave, sprint_mu_temple_rooms,
          sprint_mu_d1_horrors, sprint_mu_d2_genie, sprint_mu_d3_branching,
          sprint_mu_orc_legion, sprint_mu_elf_gauntlet, sprint_mu_hive_nellie,
          sprint_mu_lair_fedhas, sprint_mu_vaults_butterflies,
          sprint_mu_slime_circle, sprint_mu_shoals_archi,
          sprint_mu_snake_twists, sprint_mu_blade_basic,
          sprint_mu_crypt_fortress, sprint_mu_tomb_spiral,
          sprint_mu_vestibule_basic, sprint_mu_gehenna_hellfire,
          sprint_mu_dis_giant, sprint_mu_tartarus_statrot,
          sprint_mu_cocytus_islands, sprint_mu_zot1]

Skill      XL: |  1  2  3  4  5 |
---------------+----------------+-----
Ranged Weapons | 7 9 10 11 | 11.8
Fighting       | 3 4 5 |  5.8
Armour         | 1 2 3 |  3.5
Dodging        | 3 |  3.5
Stealth        | 1 |  1.1

Action                     |  1- 3 |  4- 6 || total
---------------------------+-------+-------++-------
   Fire: Shortbow          |    33 |    26 ||    59
  Evoke: Wand              |       |     1 ||     1
    Use: Potion            |     3 |       ||     3
         Scroll            |     1 |       ||     1
 Armour: Leather armour    |     1 |     2 ||     3
  Dodge: Dodged            |    12 |    11 ||    23

Table legend: (Time is in decaauts)
 A = Elapsed time spent in this place.
 B = Non-inter-level travel time spent in this place.
 C = Inter-level travel time spent in this place.
 D = Time resting spent in this place.
 E = Time spent auto-exploring this place.
 F = Levels seen in this place.
 G = Mean time per level.
                   A        B        C        D        E       F      G
               +--------+--------+--------+--------+--------+-----+--------+
         Total |    301 |    284 |     17 |      3 |     96 |   1 |  301.0 |
       Dungeon |    301 |    284 |     17 |      3 |     96 |   1 |  301.0 |
               +--------+--------+--------+--------+--------+-----+--------+

Top non-repeatable levels by time:
       D: 301 daAuts
